Map: 光影交错-天梯版

Players

llllllllllll (Coffee) - Winner!

  • Race: Terran Terran
  • League: Master

cyan

  • Race: Protoss Protoss
  • League: Grandmaster

Event: DreamHack SC2 Masters 2021 Winter

VOD

Have the link to the VOD?

Description

Time

  • Played on: Oct. 10, 2021, 7:09 a.m.
  • Length: 8:22

All games in this series

Show
View Real Time Build Order
Export as new Build Order

llllllllllll Terran - Winner!

Build Orders: Cyclone Opening 

Get SALT Encoding   

  12  0:00  SCV  
  13  0:12  SCV  
  14  0:17  Supply Depot  
  14  0:24  SCV  
  15  0:38  SCV  
  15  0:40  Barracks  
  16  0:43  Refinery  
  16  0:50  SCV  
  17  1:02  SCV  
  17  1:03  Engineering Bay  
  18  1:19  SCV  
  19  1:29  Marine  
  19  1:32  Supply Depot  
  20  1:33  Supply Depot  
  20  1:34  Orbital Command  
  20  1:46  Marine  
  21  1:49  Factory  
  21  2:00  SCV  
  22  2:05  Barracks Reactor  
  22  2:12  SCV  
  23  2:27  Command Center  
  23  2:28  SCV  
  24  2:33  Factory Tech Lab  
  24  2:40  SCV  
  24  2:41  Marine x2  
  24  2:44  Barracks  
  27  2:48  Supply Depot  
  27  2:55  Cyclone  
  30  2:59  SCV  
  31  3:11  SCV, Refinery  
  32  3:14  Marine x2  
  33  3:22  Barracks  
  33  3:26  SCV  
  34  3:35  Siege Tank  
  34  3:38  SCV  
  34  3:41  Barracks Tech Lab  
  38  3:50  SCV, Marine x2  
  41  3:59  Orbital Command  
  41  4:03  Stimpack  
  41  4:06  SCV  
  41  4:08  Marine  
  43  4:11  Marine x3  
  46  4:18  SCV  
  46  4:21  Siege Tank  
  50  4:25  Supply Depot  
  50  4:26  SCV  
  51  4:32  SCV  
  51  4:36  Marine x2  
  54  4:45  Supply Depot  
  54  4:46  Barracks Tech Lab, SCV x2, Marine  
  57  4:58  SCV x2  
  58  5:00  Starport  
  58  5:01  Factory Reactor  
  58  5:04  Refinery  
  58  5:07  Supply Depot  
  58  5:10  SCV x2  
  60  5:14  Marine x3  
  60  5:15  Marine  
  60  5:16  Combat Shield  
  60  5:17  Supply Depot  
  64  5:21  Supply Depot  
  64  5:22  SCV  
  64  5:24  SCV  
  66  5:34  Marine x2  
  66  5:35  Marine x2  
  70  5:36  SCV x2  
  69  5:54  Medivac x2, Marine  
  71  5:59  Marine  
  72  6:05  Marine x2  
  72  6:06  SCV  
  72  6:07  SCV  
  72  6:10  Siege Tank  
  77  6:12  Marine  
  77  6:16  Marine  
  77  6:21  SCV x2  
  77  6:23  Marine  
  80  6:28  Medivac  
  80  6:31  Marine x2  
  84  6:33  SCV x2  
  84  6:36  Supply Depot  
  84  6:39  Marine  
  86  6:41  Medivac, Marine  
  86  6:46  SCV  
  91  6:50  Engineering Bay  
  91  6:52  Supply Depot, SCV  
  91  6:53  Marine x2  
  94  6:58  SCV  
  94  6:59  Marine x2  
  97  7:11  Siege Tank, Marine  
  97  7:12  Marine  
  102  7:16  Marine  
  102  7:17  Marine  
  102  7:22  Supply Depot  
  104  7:29  Marine x2  
  105  7:34  Marine x2  
  106  7:47  Marine x2  
  108  7:52  Missile Turret x2, Marine x2  
  106  8:02  Missile Turret  
Show
View Real Time Build Order
Export as new Build Order

cyan Protoss 

Build Orders: Oracle Opening 

Get SALT Encoding   

  12  0:00  Probe  
  13  0:12  Probe  
  14  0:19  Pylon  
  14  0:24  Probe  
  15  0:37  Probe (Chrono Boost)  
  15  0:39  Gateway  
  16  0:46  Probe (Chrono Boost)  
  16  0:47  Assimilator  
  17  0:51  Probe (Chrono Boost)  
  18  1:03  Probe  
  19  1:15  Probe  
  20  1:22  Pylon  
  20  1:27  Zealot  
  20  1:29  Cybernetics Core  
  20  1:32  Probe  
  23  1:41  Assimilator  
  23  1:44  Probe  
  24  1:56  Probe  
  24  2:03  Adept (Chrono Boost)  
  24  2:06  Warp Gate  
  24  2:08  Probe  
  27  2:20  Probe  
  28  2:29  Nexus  
  28  2:37  Stargate  
  28  2:40  Probe  
  29  2:50  Pylon  
  29  2:52  Probe  
  30  3:04  Probe  
  31  3:11  Void Ray (Chrono Boost)  
  31  3:16  Probe  
  31  3:17  Gateway  
  36  3:27  Shield Battery  
  36  3:30  Probe  
  37  3:37  Pylon  
  37  3:42  Probe  
  37  3:45  Probe (Chrono Boost)  
  37  3:46  Oracle (Chrono Boost)  
  43  3:57  Probe (Chrono Boost)  
  43  4:00  Adept, Probe (Chrono Boost)  
  44  4:04  Probe (Chrono Boost)  
  44  4:07  Probe (Chrono Boost)  
  44  4:09  Gateway  
  46  4:12  Void Ray  
  46  4:20  Probe  
  46  4:21  Probe  
  52  4:25  Adept  
  52  4:28  Pylon  
  54  4:32  Adept  
  54  4:36  Probe  
  54  4:38  Probe  
  58  4:39  Pylon  
  58  4:48  Probe  
  58  4:49  Void Ray  
  58  4:50  Probe  
  64  5:00  Pylon  
  64  5:01  Adept  
  64  5:03  Adept x2  
  70  5:18  Nexus  
  70  5:20  Probe  
  70  5:21  Pylon  
  71  5:22  Probe  
  72  5:33  Probe  
  73  5:41  Probe  
  74  5:44  Twilight Council  
  74  5:45  Probe  
  74  5:47  Forge  
  69  5:53  Adept x3  
  69  5:56  Probe  
  70  5:57  Assimilator  
  70  6:00  Void Ray, Assimilator  
  70  6:02  Probe  
  69  6:08  Probe  
  69  6:09  Resonating Glaives  
  69  6:11  Gateway  
  70  6:12  Gateway  
  70  6:18  Protoss Ground Weapons Level 1 (Chrono Boost)  
  70  6:19  Adept x2  
  70  6:20  Adept  
  76  6:30  Shield Battery  
  76  6:34  Shield Battery  
  76  6:42  Gateway  
  76  6:46  Adept, Sentry  
  80  6:48  Probe x3  
  80  6:52  Adept, Shield Battery  
  85  7:00  Probe x2  
  87  7:04  Gateway x2  
  87  7:08  Adept, Sentry  
  91  7:10  Adept  
  91  7:15  Adept x2  
  97  7:21  Shield Battery  
  97  7:23  Pylon  
  97  7:30  Adept x2  
  97  7:36  Adept x3  
  107  7:49  Adept  
  107  7:50  Adept  
  107  7:51  Adept  
  109  7:58  Zealot x2  
  109  8:03  Zealot  
  115  8:11  Zealot x2  
  90  8:15  Zealot x2  

Tags
 
Add a new tag
Caveats
  • Supply blocks, unpowered buildings, or Contaminate may cause inaccurate times.
  • Supply counts are checked every 10 seconds.